 Dungeon Crawl Stone Soup version 0.17.0-24-gcfadda4 (console) character file.

256 jw the Cutter (level 6, -2/42 HPs)
             Began as an Octopode Berserker on Nov 17, 2015.
             Was a Believer of Trog.
             Slain by a gnoll
             ... wielding a +0 spear
              (5 damage)
             ... on level 3 of the Dungeon.
             The game lasted 00:08:17 (2784 turns).

jw the Cutter (Octopode Berserker)                  Turns: 2784, Time: 00:08:18

Health: -2/42      AC:  1    Str: 16    XL:     6   Next: 15%
Magic:  6/6        EV:  8    Int: 10    God:    Trog [**....]
Gold:   41         SH: 11    Dex: 11    Spells: 0 memorised, 5 levels left

rFire  + . .     SeeInvis .     a - +1 short sword
rCold  . . .     Clarity  .     m - +0 large shield
rNeg   . . .     SustAt   .     (helmet restricted)
rPois  .         Gourm    .     (no amulet)
rElec  .         Spirit   .     h - ring of protection from fire
rCorr  .         Warding  .     (no ring)
rMut   .         Stasis   .     (no ring)
MR     .....                    (no ring)
Stlth  ++++......               (no ring)
                                (no ring)
                                (no ring)
                                (no ring)

@: not resistant to hostile enchantments, stealthy
A: almost no armour, amphibious, 8 rings, constrict 8, tentacle spike 1,
camouflage 1, clumsy 1, screaming 1, gelatinous body 1
a: Berserk, Trog's Hand, Burn Spellbooks, Renounce Religion


You were on level 3 of the Dungeon.
You worshipped Trog.
Trog was pleased with you.
You were not hungry.

You visited 1 branch of the dungeon, and saw 3 of its levels.

You collected 41 gold pieces.

Inventory:

Hand Weapons
 a - a +1 short sword (weapon)
Missiles
 g - 55 stones (quivered)
 l - 15 poisoned needles
Armour
 m - a +0 large shield (worn)
Jewellery
 h - a ring of protection from fire (left tentacle)
Wands
 n - a wand of teleportation (0)
Scrolls
 d - a scroll of remove curse
 e - a scroll of identify
Potions
 o - a potion of curing
Comestibles
 b - a bread ration
 c - a slice of pizza
 i - a meat ration


   Skills:
 + Level 3.6 Fighting
 * Level 4.2 Short Blades
 + Level 1.9 Throwing
 + Level 3.8 Dodging
 * Level 4.0 Stealth
 + Level 1.2 Shields


You had 5 spell levels left.
You didn't know any spells.

Dungeon Overview and Level Annotations

Branches:
Dungeon (3/15)

Altars:
Dithmenos
Fedhas
Kikubaaqudgha
Makhleb
Nemelex Xobeh
Okawaru
Sif Muna
Vehumet
The Shining One

Annotations:
D:3 Grinder


Innate Abilities, Weirdness & Mutations

You cannot wear most types of armour.
You are amphibious.
You can wear up to eight rings at the same time.
You can use your tentacles to constrict eight enemies at once.
Your skin changes colour to match your surroundings (Stealth).
Your rubbery body absorbs attacks (AC +1).
One of your tentacles bears a spike.
You are clumsy. (Dex -2)
You occasionally shout uncontrollably at your foes.


Message History

Throwing (i - inventory):
g - 58 stones (quivered)
Press: ? - help, Shift-Dir - straight line, f/p - gnoll
Aim: a gnoll, wielding a spear You throw a stone.
The stone closely misses the gnoll.
You block the gnoll's attack.
Attempting RANGED ATTACK TO (0,2) Throwing (i - inventory):
g - 57 stones (quivered)
Press: ? - help, Shift-Dir - straight line, f/p - gnoll
Aim: a gnoll, wielding a spear You throw a stone.
The stone hits the gnoll.
The gnoll is lightly wounded.
The gnoll hits you from afar with a spear!
Attempting RANGED ATTACK TO (0,2) Throwing (i - inventory):
g - 56 stones (quivered)
Press: ? - help, Shift-Dir - straight line, f/p - gnoll
Aim: a gnoll, wielding a spear (lightly wounded)
You throw a stone. The stone hits the gnoll.
The gnoll is lightly wounded.
The gnoll hits you from afar with a spear.
You die...

#.##....#.#.........
#.##..#%#.#....#.###
#.##..#..........#
#.##..###.#....#.#
#.............##.#
#####.....##.... #
#..######.### ##.#
+# #x# #)# #g# #.#
... ....# ...(.#
#.###.# #. .#


You could see a gnoll.

Table legend:
 A = Turns spent in this place as a percentage of turns spent in the entire game.
 B = Non-inter-level travel turns spent in this place as a percentage of non-inter-level travel turns spent in the entire game.
 C = Inter-level travel turns spent in this place as a percentage of turns spent in this place.
 D = Turns resting spent in this place as a percentage of non-inter-level travel turns spent in this place.
 E = Turns spent auto-exploring this place as a percentage of non-inter-level travel turns spent in this place.
 F = Non-inter-level travel turns spent in this place divided by the number of levels of this place that you've seen.
                   A       B       C       D       E      F
               +-------+-------+-------+-------+-------+----------------------
         Total | 100.0 | 100.0 |   0.5 |   1.0 |   2.6 | 1306.7
       Dungeon | 100.0 | 100.0 |   0.5 |   1.0 |   2.6 | 1306.7
               +-------+-------+-------+-------+-------+----------------------

Table legend:
 A = Kills in this place as a percentage of kills in entire the game.
 B = Kills by you in this place as a percentage of kills by you in the entire game.
 C = Kills by friends in this place as a percentage of kills by friends in the entire game.
 D = Other kills in this place as a percentage of other kills in the entire game.
 E = Experience gained in this place as a percentage of experience gained in the entire game.
 F = Experience gained in this place divided by the number of levels of this place that you have seen.
                   A       B       C       D       E      F
               +-------+-------+-------+-------+-------+----------------------
         Total | 100.0 | 100.0 |  -nan |  -nan | 100.0 | 122.0
       Dungeon | 100.0 | 100.0 |  -nan |  -nan | 100.0 | 122.0
               +-------+-------+-------+-------+-------+----------------------

Vanquished Creatures
  The ghost of gw the Twirler, an amateur TeGl of Ru (D:3)
  2 gnolls (D:3)
  An adder (D:2)
  An ooze (D:2)
  A worm (D:2)
  A giant gecko (D:1)
  3 giant cockroaches
  4 hobgoblins
  5 jackals
  7 kobolds
  10 bats
  A giant newt (D:2)
  5 goblins
  10 rats
52 creatures vanquished.

Notes
Turn   | Place    | Note
--------------------------------------------------------------
     0 | D:1      | jw the Octopode Berserker began the quest for the Orb.
     0 | D:1      | Reached XP level 1. HP: 16/16 MP: 1/1
    48 | D:1      | Reached skill level 1 in Stealth
   234 | D:1      | Reached XP level 2. HP: 21/21 MP: 2/2
   863 | D:1      | Reached ** piety under Trog
  1128 | D:2      | Reached XP level 3. HP: 26/26 MP: 3/3
  1129 | D:2      | Found a shadowy altar of Dithmenos.
  1245 | D:2      | Found a sparkling altar of Nemelex Xobeh.
  1249 | D:2      | Found a burning altar of Makhleb.
  1249 | D:2      | Found a deep blue altar of Sif Muna.
  1252 | D:2      | Found an ancient bone altar of Kikubaaqudgha.
  1259 | D:2      | Found a glowing golden altar of the Shining One.
  2015 | D:2      | Found an iron altar of Okawaru.
  2015 | D:2      | Found a blossoming altar of Fedhas.
  2016 | D:2      | Found a radiant altar of Vehumet.
  2219 | D:2      | Reached XP level 4. HP: 31/31 MP: 4/4
  2256 | D:2      | Reached skill level 1 in Throwing
  2362 | D:2      | Gained mutation: One of your tentacles bears a spike. [potion of mutation]
  2362 | D:2      | Gained mutation: You occasionally shout uncontrollably at your foes. [potion of mutation]
  2362 | D:2      | Gained mutation: You are clumsy. (Dex -2) [potion of mutation]
  2472 | D:3      | Noticed Grinder
  2478 | D:3      | Noticed gw's ghost (amateur TeGl)
  2487 | D:3      | Killed gw's ghost
  2487 | D:3      | Reached skill level 4 in Short Blades
  2487 | D:3      | Reached skill level 1 in Shields
  2487 | D:3      | Reached XP level 5. HP: 24/36 MP: 5/5
  2487 | D:3      | Reached XP level 6. HP: 28/42 MP: 6/6
  2489 | D:3      | Paralysed by Grinder for 6 turns
  2784 | D:3      | Slain by a gnoll

Action                   |  1- 3 |  4- 6 || total
-------------------------+-------+-------++-------
Melee: Short sword       |    75 |    24 ||    99
Throw: Stone             |    75 |    23 ||    98
Invok: Berserk           |       |     1 ||     1
       Trog's Hand       |       |     1 ||     1
Evoke: Wand              |       |     2 ||     2
  Use: Potion            |     4 |     3 ||     7
       Scroll            |     3 |     3 ||     6
 Stab: Sleeping          |     5 |     1 ||     6
  Eat: Chunk             |     4 |     3 ||     7

Vault maps used:
D:1:      minmay_arrival_four_circles
D:2:      grunt_temple_overflow_open, gammafunk_temple_overflow_claw
D:3:      ecumenical_altar_2, uniq_grinder, uniq_purgy, uniq_robin
